 Dungeon Crawl Stone Soup version 0.31-a0-196-g86fe4a5e66 (webtiles) character file.

Game seed: 16894914009431870868

10591 tilp the Covert (level 11, 0/84 HPs)
             Began as a Vampire Enchanter on June 24, 2023.
             Was a Believer of Wu Jian.
             Slain by a four-headed hydra (8 damage)
             ... on level 13 of the Dungeon.
             The game lasted 00:18:28 (9849 turns).

tilp the Covert (Vampire Enchanter)                 Turns: 9849, Time: 00:18:29

Health: 0/84       AC: 19    Str:  6    XL:     11   Next: 38%
Magic:  16/29      EV: 13    Int: 25    God:    Wu Jian [**....]
Gold:   494        SH:  0    Dex: 15    Spells: 11/22 levels left

rFire   + . .        a - +3 dagger (protect)
rCold   . . .        (no shield)
rNeg    + . .        t - +2 leather armour {rF+}
rPois   +            s - +2 helmet {Int+3}
rElec   .            B - +2 ratskin cloak {*Rats rPois rN+ Str-1 Int-1 Dex+1}
rCorr   .            U - +0 pair of gloves
SInv    +            n - +2 pair of boots
Will    +....        (no amulet)
Stlth   ++++         v - ring of magical power
HPRegen 0.54/turn    e - +4 ring of protection
MPRegen 0.21/turn

%: no passive effects
@: healing quickly
A: alive, fangs 3, see invisible, vampiric 2
a: Exsanguinate, Renounce Religion, Wall Jump


You were on level 13 of the Dungeon.
You worshipped Wu Jian.
Wu Jian was pleased with you.
You visited 2 branches of the dungeon, and saw 13 of its levels.

You collected 634 gold pieces.
You spent 140 gold pieces at shops.

Inventory:

Hand Weapons
 a - a +3 dagger of protection (weapon)
 b - a +1 rapier of freezing
 k - a +1 short sword of speed
 r - a +1 dagger
Missiles
 i - 8 boomerangs
 q - 30 poisoned darts (quivered)
 y - 3 throwing nets
 P - a curare-tipped dart
Armour
 m - a +1 cloak
 n - a +2 pair of boots (worn)
 s - a +2 helmet of intelligence (worn)
 t - a +2 leather armour of fire resistance (worn)
 B - the +2 ratskin cloak (worn) {*Rats rPois rN+ Str-1 Int-1 Dex+1}
   (You found it on level 5 of the Dungeon)

   *Rats:     When the wearer is hurt, rats may emerge from it to assist them.
   Str:       It affects your strength (-1).
   Int:       It affects your intelligence (-1).
   Dex:       It affects your dexterity (+1).
   rPois:     It protects you from poison.
   rN:        It protects you from negative energy.
 G - +0 steam dragon scales
 K - a +0 kite shield
 U - a +0 pair of gloves (worn)
Magical Staves
 x - a staff of cold
 L - the staff of Chance {rElec Will+ Air}
   (You found it on level 9 of the Dungeon)

   [staff of air]

   Base accuracy: +5 Base damage: 5 Base attack delay: 1.2 This weapon's minimum
   attack delay (0.6) is reached at skill level 12.
   rElec:     It insulates you from electricity.
   Air:       It increases the power of your Air spells.
   Will:      It increases your willpower.
   It falls into the 'Staves' category.
   It is a one-handed weapon.
Jewellery
 e - a +4 ring of protection (right hand)
 h - a ring of flight
 v - a ring of magical power (left hand)
 H - an amulet of faith
 J - an amulet of guardian spirit
 T - a +5 ring of evasion
Wands
 l - a wand of digging (5)
 o - a wand of iceblast (13)
 F - a wand of mindburst (3)
Scrolls
 f - a scroll of vulnerability
 g - a scroll of blinking
 u - 4 scrolls of teleportation
 C - a scroll of silence
 I - 2 scrolls of enchant weapon
 N - a scroll of amnesia
 Q - a scroll of fog
 S - a scroll of immolation
Potions
 c - 3 potions of invisibility
 d - a potion of cancellation
 j - 11 potions of curing
 p - 2 potions of might
 w - 3 potions of heal wounds
 z - 2 potions of enlightenment
 A - 2 potions of mutation
 D - 2 potions of ambrosia
 E - a potion of berserk rage {unknown}
 M - 2 potions of haste {unknown}
 O - a potion of brilliance {unknown}
 R - a potion of attraction {unknown}


   Skills:
 * Level 7.1 Fighting
 - Level 10.0 Short Blades
 * Level 3.1 Armour
 + Level 5.2 Dodging
 + Level 11.0 Stealth
 * Level 6.2 Spellcasting
 - Level 2.0 Conjurations
 + Level 9.0 Hexes
 - Level 2.0 Ice Magic
 - Level 4.0 Evocations


You had 11 spell levels left.
You knew the following spells:

 Your Spells              Type           Power      Damage    Failure   Level
a - Ensorcelled Hibernat  Hex/Ice        70%        N/A       1%          2
b - Confusing Touch       Hex            52%        N/A       1%          3
c - Tukima's Dance        Hex            52%        N/A       1%          3
d - Dazzling Flash        Conj/Hex       70%        N/A       3%          3

Your spell library contained the following spells:

 Spells                   Type           Power      Damage    Failure   Level
 Summon Guardian Golem    Hex/Summ       30%        N/A       5%          3
 Kiss of Death            Conj/Necr      48%        2d9       8%          1
 Anguish                  Hex/Necr       15%        N/A       17%         4
 Spider Form              Tmut/Pois      7%         N/A       32%         3
 Vhi's Electric Charge    Tloc/Air       14%        N/A       32%         3
 Dispel Undead            Necr           7%         3d8       73%         4
 Manifold Assault         Tloc           7%         N/A       73%         4
 Arcjolt                  Conj/Air       6%         1d16      90%         5
 Dispersal                Tloc           3%         N/A       100%        6
 Orb of Destruction       Conj           8%         9d6       100%        7
 Spellforged Servitor     Conj/Summ      6%         N/A       100%        7
 Disjunction              Tloc           3%         N/A       100%        8
 Maxwell's Capacitive Co  Air            3%         ∞         100%        8


Dungeon Overview and Level Annotations

Branches:
Dungeon (11/15)            Temple (1/1) D:7            Lair (0/5) D:8
    Orc (0/2) D:10

Altars:
Ashenzari
Cheibriados
Dithmenos
Fedhas
Gozag
Hepliaklqana
Kikubaaqudgha
Makhleb
Nemelex Xobeh
Okawaru
Qazlal
Ru
Sif Muna
Trog
Uskayaw
Vehumet
Wu Jian
Xom
Yredelemnul

Shops:
D:3 [   D:11 =

Annotations:
D:3 exclusion: statue
D:4 2 transporters


Innate Abilities, Weirdness & Mutations

Your natural rate of healing is accelerated.
You have razor-sharp teeth.
You have supernaturally acute eyesight. (SInv)
You are afflicted with vampirism and can become a bat while bloodless.


Message History

Aiming: Ensorcelled Hibernation (safe; 1% risk of failure)
Press: ? - help, Shift-Dir - straight line, f/p - centaur warrior
Aim: a centaur warrior, wielding a +0 shortbow (chance to affect: 46%)
The centaur warrior resists with some effort.
The centaur warrior shoots an arrow.
The arrow hits you!
* * * LOW HITPOINT WARNING * * *
Unknown command.
Casting: Ensorcelled Hibernation (safe; 1% risk of failure)
Confirm with . or Enter, or press ? or * to list all spells.
Aiming: Ensorcelled Hibernation (safe; 1% risk of failure)
Press: ? - help, Shift-Dir - straight line, f/p - centaur warrior
Aim: a centaur warrior, wielding a +0 shortbow (chance to affect: 46%)
The four-headed hydra easily resists.
The four-headed hydra bites you.
* * * LOW HITPOINT WARNING * * *
The four-headed hydra bites you but does no damage.
The four-headed hydra barely misses you.
The four-headed hydra bites you but does no damage.
The centaur warrior shoots an arrow.
The arrow hits you!
* * * LOW HITPOINT WARNING * * *
A hell rat scurries out from under your cloak.
The four-headed hydra closely misses your hell rat.
The four-headed hydra bites your hell rat!
The four-headed hydra closely misses your hell rat. x2
The centaur warrior shoots an arrow.
The arrow hits your hell rat!
Your hell rat dies!
The centaur warrior shoots an arrow.
The arrow hits you but does no damage.
Aiming: Mindburst
Press: ? - help, Shift-Dir - straight line, f/p - centaur warrior
Aim: a centaur warrior, wielding a +0 shortbow (chance to affect: 64%)
The four-headed hydra resists with some effort.
Unknown command.
Aiming: Mindburst
Press: ? - help, Shift-Dir - straight line, f/p - centaur warrior
Aim: a centaur warrior, wielding a +0 shortbow (chance to affect: 64%)
The four-headed hydra resists with some effort.
The four-headed hydra bites you but does no damage.
The four-headed hydra bites you!
* * * LOW HITPOINT WARNING * * *
The four-headed hydra bites you!
You die...

................
......^.........
...........#
.......##..#
....... #..#
.####.. #..# #..
#..# #..##c.#
#..@D..#
#......#
#......#
#.........
.........##..#
##......)# .#
#.......# #
#.......#
#.......#


You could see a four-headed hydra and a centaur warrior.

Vanquished Creatures
  A boulder beetle (D:11)
  Nergalle (D:10)
  An ugly thing (D:11)
  A gargoyle (D:10)
  An unseen horror (D:11)
  3 trolls
  Sigmund (D:5)
  A shadow (D:10)
  A wyvern (D:11)
  Eustachio (D:4)
  21 yaks
  A steam dragon (D:8)
  Menkaure (D:4)
  3 wargs
  Duvessa (D:5)
  An acid dragon (D:10)
  5 orc warriors
  A sky beast (D:7)
  2 ogres
  9 centaurs
  2 kobold brigands
  A bullfrog (D:6)
  A gnoll sergeant (D:8)
  5 scorpions
  6 wights
  Dowan (D:5)
  2 howler monkeys
  A gnoll bouda (D:6)
  2 jellies (D:7)
  An orc priest (D:6)
  5 iguanas
  An orc wizard (D:8)
  7 adders
  8 gnolls
  A white imp (D:6)
  3 worms
  2 dart slugs
  30 orcs
  11 ball pythons
  5 bats
  A bat zombie (D:9)
  5 endoplasms
  3 giant cockroaches
  3 goblins (D:1)
  9 hobgoblins
  7 quokkas
  4 frilled lizards
  12 kobolds
  5 rats
  3 rat zombies (D:9)
204 creatures vanquished.

Vanquished Creatures (collateral kills)
  An ice beast (D:7)
  3 ogres
  A wight (D:8)
  Crazy Yiuf (D:2)
  2 gnolls (D:8)
  4 orcs
12 creatures vanquished.

Vanquished Creatures (others)
  2 dancing weapons (D:8)
2 creatures vanquished.

Grand Total: 218 creatures vanquished

Notes
Turn   | Place    | Note
-------+----------+-------------------------------------------
     0 | D:1      | tilp the Vampire Enchanter began the quest for the Orb.
     0 | D:1      | Reached XP level 1. HP: 13/13 MP: 3/3
   229 | D:1      | Reached XP level 2. HP: 20/20 MP: 5/5
   333 | D:1      | Learned a level 2 spell: Ensorcelled Hibernation
   381 | D:1      | Reached skill level 1 in Fighting
   381 | D:1      | Gained mutation: You are afflicted with vampirism and can
                  | become a bat while bloodless. [Vampire growth]
   381 | D:1      | Reached XP level 3. HP: 25/26 MP: 6/6
   747 | D:2      | Learned a level 3 spell: Confusing Touch
  1293 | D:2      | Found a runed translucent door.
  1294 | D:2      | Noticed Crazy Yiuf
  1520 | D:2      | Reached XP level 4. HP: 32/32 MP: 6/8
  1558 | D:2      | Learned a level 3 spell: Tukima's Dance
  1773 | D:2      | Killed Crazy Yiuf
  1774 | D:2      | Reached skill level 5 in Stealth
  1956 | D:3      | Found a bloodstained altar of Trog.
  2026 | D:3      | Found a faded altar of an unknown god.
  2133 | D:3      | Found Zecafia's Antique Armour Boutique.
  2157 | D:3      | Bought a faintly humming leather armour for 140 gold pieces
  2157 | D:3      | Identified the +0 leather armour of Cacan {Harm rPois rCorr
                  | Slay-3} (You bought it in a shop on level 3 of the Dungeon)
  2301 | D:3      | Found a radiant altar of Vehumet.
  2301 | D:3      | Noticed a frost-covered statue
  2309 | D:3      | Identified the +0 leather armour of Defiance {-Tele Fly
                  | MP+9}
  2381 | D:4      | Noticed Eustachio
  2406 | D:3      | Reached XP level 5. HP: 28/38 MP: 2/9
  2647 | D:4      | Noticed Menkaure
  2657 | D:4      | Reached skill level 5 in Hexes
  2669 | D:4      | Killed Menkaure
  2670 | D:4      | Reached XP level 6. HP: 11/45 MP: 1/10
  2800 | D:4      | Killed Eustachio
  2888 | D:4      | Found a transporter.
  2888 | D:4      | Noticed a fire bat
  3078 | D:4      | Found a snail-covered altar of Cheibriados.
  3089 | D:4      | Found a transporter.
  3110 | D:4      | Reached XP level 7. HP: 51/51 MP: 9/12
  3330 | D:4      | Learned a level 3 spell: Dazzling Flash
  3373 | D:5      | Entered Level 5 of the Dungeon
  3380 | D:5      | Reached skill level 6 in Stealth
  3380 | D:5      | Noticed Dowan
  3381 | D:5      | Noticed Duvessa
  3402 | D:5      | Killed Duvessa
  3404 | D:5      | Killed Dowan
  3745 | D:5      | Reached XP level 8. HP: 60/60 MP: 11/14
  3866 | D:5      | Found the +2 ratskin cloak {*Rats rPois rN+ Str-1 Int-1
                  | Dex+1}
  3963 | D:5      | Reached skill level 5 in Short Blades
  4191 | D:5      | Noticed Sigmund
  4198 | D:5      | Killed Sigmund
  4199 | D:5      | Reached skill level 7 in Stealth
  4210 | D:5      | Found a shimmering blue altar of Sif Muna.
  4694 | D:5      | Reached skill level 5 in Spellcasting
  5332 | D:7      | Reached skill level 5 in Fighting
  5557 | D:7      | Reached XP level 9. HP: 61/68 MP: 16/16
  5601 | D:7      | Found a shimmering altar of Xom.
  5609 | D:7      | Reached skill level 1 in Evocations
  5633 | D:7      | Reached skill level 8 in Stealth
  5667 | D:7      | Noticed a troll
  5687 | D:7      | Killed a troll
  5842 | D:7      | Found a staircase to the Ecumenical Temple.
  5870 | Temple   | Entered the Ecumenical Temple
  5870 | Temple   | Found a transporter.
  5870 | Temple   | Found a transporter.
  5872 | Temple   | Found a transporter.
  5872 | Temple   | Found a transporter.
  5898 | Temple   | Became a worshipper of the Wu Jian Council
  6197 | D:8      | Found a staircase to the Lair.
  6335 | D:8      | Reached skill level 9 in Stealth
  7023 | D:8      | Reached skill level 10 in Stealth
  7023 | D:8      | Reached XP level 10. HP: 76/76 MP: 17/17
  7032 | D:8      | Reached * piety under Wu Jian
  7042 | D:8      | Reached skill level 10 in Short Blades
  7265 | D:9      | Identified the staff of Chance {rElec Will+ Air}
  7376 | D:9      | Reached skill level 1 in Armour
  7378 | D:9      | Reached skill level 1 in Conjurations
  7954 | D:9      | Reached skill level 1 in Ice Magic
  8208 | D:9      | Found an ancient bone altar of Kikubaaqudgha.
  8633 | D:10     | Entered Level 10 of the Dungeon
  8646 | D:10     | Reached ** piety under Wu Jian
  8947 | D:10     | Noticed a gargoyle
  8950 | D:10     | Killed a gargoyle
  8951 | D:10     | Reached XP level 11. HP: 83/83 MP: 19/19
  9085 | D:10     | Found a staircase to the Orcish Mines.
  9293 | D:10     | Noticed Nergalle
  9314 | D:10     | Killed Nergalle
  9319 | D:10     | Reached skill level 5 in Dodging
  9729 | D:11     | Noticed a boulder beetle
  9731 | D:11     | Killed a boulder beetle
  9732 | D:11     | Noticed a cyan ugly thing
  9741 | D:11     | Killed a cyan ugly thing
  9742 | D:11     | Reached skill level 11 in Stealth
  9811 | D:11     | Found Dumpiots's Jewellery Shoppe.
  9820 | D:11     | You fall into a shaft and drop 2 floors!
  9829 | D:13     | Noticed a centaur warrior
  9831 | D:13     | Noticed a four-headed hydra
  9849 | D:13     | Slain by a four-headed hydra

Illustrated notes

Levels and vault maps discovered:
D:1:      sevenhm_arrival_forest_fort_small_4, layout_loops_cross
D:2:      layout_loops_ring, amcnicky_mini_corridor_feature,
          uniq_crazy_yiuf_cottage
D:3:      layout_rooms, mainiacjoe_overflow_brackets, vehumet_statue,
          serial_shops, shop, ebering_ecumenical_altar_webs
D:4:      gammafunk_cloud_chamber, layout_loops_ring, general_overflow_altar,
          uniq_eustachio, uniq_menkaure
D:5:      layout_basic, mainiacjoe_overflow_paths, led_sif_book,
          hangedman_glass_teeth, moated_statue, uniq_duvessa, uniq_sigmund
D:6:      layout_rooms, hex_tiny
D:7:      layout_loops_ring, xom_teletrap_fun, minmay_temple_entry_sparse_star
D:8:      layout_loops_cross, erik_lair_orcish_takeover
D:9:      layout_layer_cave, lemuel_zombie_altar_kikubaaqudgha
D:10:     layout_layer_cave, david_orc_2, uniq_nergalle
D:11:     layout_gridville, serial_shops, nicolae_diamond_shop
D:13:     layout_long_grid, grunt_vaults_entry_tiered
Temple:   hellmonk_temple_divided_pantheon

Skill      XL: |  1  2  3  4  5  6  7  8  9 10 11 |
---------------+----------------------------------+-----
Fighting       | 1 2 3 5 6 7 |  7.1
Short Blades   | 2 3 4 6 9 10 | 10.0
Stealth        | 5 6 7 10 11 | 11.0
Spellcasting   | 3 4 5 6 |  6.2
Hexes          | 5 6 7 8 9 |  9.0
Dodging        | 3 4 5 |  5.2
Evocations     | 2 3 4 |  4.0
Armour         | 2 3 |  3.1
Conjurations   | 2 |  2.0
Ice Magic      | 1 2 |  2.0

Action                     |  1- 3 |  4- 6 |  7- 9 | 10-12 || total
---------------------------+-------+-------+-------+-------++-------
  Melee: Short sword       |    41 |       |       |       ||    41
         Dagger            |    86 |    86 |   185 |   130 ||   487
         Bite              |    12 |    10 |    28 |    12 ||    62
         Rapier            |       |    15 |    51 |       ||    66
         Punch             |       |     1 |     4 |       ||     5
  Throw: Dart              |       |       |     1 |       ||     1
   Cast: Ensorcelled Hiber |     9 |    20 |    50 |    68 ||   147
         Confusing Touch   |       |     3 |    17 |     7 ||    27
         Tukima's Dance    |       |     1 |    15 |     2 ||    18
         Dazzling Flash    |       |       |     1 |       ||     1
Ability: Lunge             |       |       |     7 |    14 ||    21
         Whirlwind         |       |       |       |     1 ||     1
  Evoke: Wand              |       |       |       |     2 ||     2
    Use: Scroll            |     2 |     6 |    12 |     3 ||    23
   Stab: Sleeping          |    18 |    22 |    41 |    41 ||   122
         Confused          |       |     3 |    12 |     8 ||    23
         Invisible         |       |       |     1 |       ||     1
         Distracted        |       |       |       |     1 ||     1
 Armour: Robe              |    24 |    28 |       |       ||    52
         Leather armour    |       |     3 |    93 |    55 ||   151
  Dodge: Dodged            |    81 |    56 |   121 |    72 ||   330

Table legend: (Time is in decaauts)
 A = Elapsed time spent in this place.
 B = Non-inter-level travel time spent in this place.
 C = Inter-level travel time spent in this place.
 D = Time resting spent in this place.
 E = Time spent auto-exploring this place.
 F = Levels seen in this place.
 G = Mean time per level.
                   A        B        C        D        E       F      G
               +--------+--------+--------+--------+--------+-----+--------+
         Total |   9678 |   9206 |    472 |    276 |   7264 |  13 |  744.5 |
       Dungeon |   9634 |   9171 |    463 |    276 |   7258 |  12 |  802.8 |
        Temple |     43 |     34 |      9 |      0 |      6 |   1 |   43.0 |
               +--------+--------+--------+--------+--------+-----+--------+

Top non-repeatable levels by time:
     D:9: 1349 daAuts
     D:5: 1339 daAuts
     D:2: 1108 daAuts
    D:10: 1068 daAuts
     D:8: 994 daAuts
     D:4: 900 daAuts
     D:7: 880 daAuts
     D:1: 713 daAuts
     D:3: 598 daAuts
     D:6: 564 daAuts
    D:11: 90 daAuts
  Temple: 43 daAuts
    D:13: 28 daAuts
